 Dungeon Crawl Stone Soup version 0.30-a0-190-g22c9a3c0ff (webtiles) character file.

Game seed: 7414307815974764545

10 Peksali the Chopper (level 2, 0/27 HPs)
             Began as a Hill Orc Monk on Oct 4, 2022.
             Slain by a gnoll
             ... wielding a +1 vampiric spear
              (2 damage)
             ... on level 1 of the Dungeon.
             The game lasted 00:06:24 (193 turns).

Peksali the Chopper (Hill Orc Monk)                  Turns: 193, Time: 00:06:25

Health: 0/27       AC:  2    Str: 13    XL:     2   Next: 20%
Magic:  2/2        EV: 12    Int: 10    God:
Gold:   11         SH:  0    Dex: 13    Spells: 1/1 levels left

rFire   . . .      SeeInvis .    a - +0 hand axe
rCold   . . .      Faith    .    (no shield)
rNeg    . . .      Spirit   .    b - +0 robe
rPois   .          Reflect  .    (no helmet)
rElec   .          Harm     .    (no cloak)
rCorr   .          Rampage  .    (no gloves)
Will    .....                    (no boots)
Stlth   ++........               (no amulet)
HPRegen 0.24/turn                (no ring)
MPRegen 0.08/turn                (no ring)

@: no status effects
A: no striking features
a: no special abilities


You were on level 1 of the Dungeon.
You visited 1 branch of the dungeon, and saw 1 of its levels.

You collected 11 gold pieces.

Inventory:

Hand Weapons
 a - a +0 hand axe (weapon)
 g - a +0 club
Armour
 b - a +0 robe (worn)
Jewellery
 f - an amulet of faith
Scrolls
 h - a scroll of poison {unknown}
Potions
 c - a potion of ambrosia
 d - 2 potions of invisibility {unknown}
 e - a potion of heal wounds {unknown}


   Skills:
 + Level 3.7 Fighting
 + Level 4.4 Axes
 + Level 2.5 Dodging
 + Level 1.6 Stealth


You had one spell level left.
You didn't know any spells.
Your spell library was empty.

Dungeon Overview and Level Annotations

Branches:
Dungeon (1/15)

Altars:


Message History

A gnoll comes into view. It is wielding a +1 vampiric spear.
The gnoll shouts!
An endoplasm comes into view.
A quokka comes into view.
The endoplasm quivers.
You see here 11 gold pieces.
The gnoll hits you from afar with a +1 vampiric spear.
The gnoll completely misses you.
You hit the gnoll.
The gnoll is moderately wounded.
The gnoll hits you with a +1 vampiric spear.
The gnoll draws strength from your wounds!
You hit the gnoll but do no damage.
The gnoll is lightly wounded.
The gnoll hits you with a +1 vampiric spear!
The gnoll draws strength from your wounds!
The gnoll barely misses you.
You closely miss the gnoll.
The gnoll hits you with a +1 vampiric spear.
You closely miss the gnoll.
The gnoll hits you with a +1 vampiric spear!
* * * LOW HITPOINT WARNING * * *
The gnoll hits you from afar with a +1 vampiric spear.
* * * LOW HITPOINT WARNING * * *
A frilled lizard comes into view.
A kobold comes into view. It is wielding a +0 dagger.
The kobold shouts!
The kobold throws a stone.
The stone hits you.
* * * LOW HITPOINT WARNING * * *
An endoplasm comes into view.
You start putting on your amulet.
You continue putting on your amulet of faith.
The gnoll hits you from afar with a +1 vampiric spear!
Keep equipping yourself? [Y]es or [N]o only, please.
Keep equipping yourself?
* * * LOW HITPOINT WARNING * * *
You continue putting on your amulet of faith.
The gnoll hits you from afar with a +1 vampiric spear.
You die...

...............J
..#.####.#######
#r# #.# #K# #.#
#.#
#.#########.#
#....@.gKr..#
#############


You could see a gnoll, a quokka and a kobold.

Vanquished Creatures
  An endoplasm (D:1)
  A giant cockroach (D:1)
  A hobgoblin (D:1)
  A quokka (D:1)
  A ball python (D:1)
  A frilled lizard (D:1)
  3 goblins (D:1)
9 creatures vanquished.

Notes
Turn   | Place    | Note
-------+----------+-------------------------------------------
     0 | D:1      | Peksali the Hill Orc Monk began the quest for the Orb.
     0 | D:1      | Reached XP level 1. HP: 19/19 MP: 1/1
    31 | D:1      | Found a faded altar of an unknown god.
    73 | D:1      | Reached XP level 2. HP: 17/27 MP: 2/2
   152 | D:1      | HP: 1/27 [gnoll/+1 vampiric spear (2)]
   160 | D:1      | HP: 1/27 [kobold/stone (2)]
   193 | D:1      | Slain by a gnoll

Illustrated notes

Levels and vault maps discovered:
D:1:      mushboom_english_gardens, layout_basic,
          hellmonk_ecumenical_altar_lost_god, grunt_decor_one_mirror,
          st_stairs_14

Action                   || total
-------------------------++-------
Melee: Hand axe          ||    23
Armor: Robe              ||     3
Dodge: Dodged            ||    22

Table legend: (Time is in decaauts)
 A = Elapsed time spent in this place.
 B = Non-inter-level travel time spent in this place.
 C = Inter-level travel time spent in this place.
 D = Time resting spent in this place.
 E = Time spent auto-exploring this place.
 F = Levels seen in this place.
 G = Mean time per level.
                   A        B        C        D        E       F      G
               +--------+--------+--------+--------+--------+-----+--------+
         Total |    195 |    130 |     65 |      0 |      0 |   1 |  195.0 |
       Dungeon |    195 |    130 |     65 |      0 |      0 |   1 |  195.0 |
               +--------+--------+--------+--------+--------+-----+--------+

Top non-repeatable levels by time:
     D:1: 195 daAuts
